 Dungeon Crawl Stone Soup version 0.28-a0-793-g31680bbd8b (webtiles) character file.

Game seed: 9675599118222003777

94 ytrimaz the Skirmisher (level 4, -2/35 HPs)
             Began as a Demonspawn Fighter on Nov 3, 2021.
             Killed by divine providence
             ... invoked by an orc priest
              (10 damage)
             ... on level 3 of the Dungeon.
             The game lasted 00:02:39 (3176 turns).

ytrimaz the Skirmisher (Demonspawn Fighter)         Turns: 3176, Time: 00:02:40

Health: -2/35      AC:  6    Str: 17    XL:     4   Next: 38%
Magic:  13/13      EV:  9    Int: 10    God:
Gold:   18         SH:  4    Dex: 12    Spells: 1/3 levels left

rFire   . . .      SeeInvis .   g - +1 war axe (flame)
rCold   . . .      Faith    .   c - +0 buckler
rNeg    . . .      Spirit   .   b - +0 scale mail
rPois   .          Reflect  .   (helmet restricted)
rElec   .          Harm     .   (no cloak)
rCorr   .          Rampage  .   (no gloves)
Will    .....                   (no boots)
Stlth   ..........              (no amulet)
HPRegen 0.11/turn               e - ring of magical power
MPRegen 0.26/turn               (no ring)

@: no status effects
A: antennae 2, magic regeneration
a: no special abilities


You were on level 3 of the Dungeon.
You visited 1 branch of the dungeon, and saw 3 of its levels.

You collected 39 gold pieces.
You spent 21 gold pieces at shops.

Inventory:

Hand Weapons
 a - a +1 rapier
 g - a +1 war axe of flaming (weapon)
Armour
 b - a +0 scale mail (worn)
 c - a +0 buckler (worn)
Jewellery
 e - a ring of magical power (left hand)
Scrolls
 j - a scroll of identify {unknown}
 k - a scroll of teleportation {unknown}
Potions
 d - a potion of might
 f - 3 potions of curing {unknown}
 h - a potion of cancellation {unknown}
 i - 2 potions of invisibility {unknown}


   Skills:
 + Level 3.2 Fighting
 - Level 2.2 Short Blades
 * Level 2.0 Axes
 + Level 3.1 Armour
 + Level 0.9 Dodging
 * Level 3.1 Shields


You had one spell level left.
You knew the following spells:

 Your Spells              Type           Power      Damage    Failure   Level
a - Blink                 Tloc           0%         N/A       91%         2

Your spell library contained the following spells:

 Spells                   Type           Power      Damage    Failure   Level
 Lesser Beckoning         Tloc           0%         N/A       99%         3
 Manifold Assault         Tloc           0%         N/A       100%        5


Dungeon Overview and Level Annotations

Branches:
Dungeon (3/15)

Altars:

Shops:
D:1 *


Innate Abilities, Weirdness & Mutations

You have a pair of antennae on your head.
You regenerate magic rapidly.


Message History

You hit the orc. You burn the orc. The orc barely misses you. x2
The orc closely misses you. x2
You barely miss the orc.
The orc is heavily wounded.
You barely miss the orc.
The orc priest shouts!
You hit the orc but do no damage. The orc barely misses you. x2
The orc hits you with a +1 flail of protection.
The orc priest looks encouraged for a moment.
You barely miss the orc. x2; You hit the orc but do no damage.
You hit the orc. You burn the orc. The orc barely misses you.
The orc hits you with a +0 flail! You block the orc's attack.
The orc hits you but does no damage.
You hit the orc. You burn the orc.
You kill the orc!
You hit the orc. You burn the orc.
You kill the orc!
You hit the orc. You burn the orc.
You kill the orc!
You hit the orc. You burn the orc.
The orc priest calls upon Beogh to heal the orc.
The orc's wounds heal themselves!
The orc closely misses you.
Your Axes skill increases to level 2!
The orc barely misses you.
Things that are here:
a +0 flail; a +0 chain mail; an orc corpse Unknown command.
The orc priest mumbles some strange prayers to Beogh against you.
You barely resist.
The orc priest hits you but does no damage.
Unknown command.
You barely miss the orc priest. You closely miss the orc.
The orc priest barely misses you. The orc hits you with a +0 short sword.
The orc priest hits you with a +0 hand axe.
* * * LOW HITPOINT WARNING * * *
You barely miss the orc priest. You barely miss the orc.
The orc hits you with a +0 short sword.
* * * LOW HITPOINT WARNING * * *
The orc priest mumbles some strange prayers to Beogh against you.
Beogh smites you!
You die...

##..# .......######. ..
.<.. .............
....##.. ............
........ ...........#
..#####† ...........# #
#......† ...........# .#
....###. .......o..###.#
#. #. #@......# #. .
#o......# ###
...####)).....########.)
........)...........#...
.......[................
....................#.##
........####........#.##
........# #........#...
........# #........####


You could see an orc priest and an orc.

Vanquished Creatures
  2 adders (D:2)
  A worm (D:2)
  A dart slug (D:1)
  8 orcs (D:3)
  6 ball pythons
  6 endoplasms
  2 giant cockroaches
  9 goblins
  4 hobgoblins
  2 jackals (D:1)
  2 quokkas (D:2)
  4 bats
  6 frilled lizards
  5 kobolds
  2 rats (D:2)
60 creatures vanquished.

Notes
Turn   | Place    | Note
-------+----------+-------------------------------------------
     0 | D:1      | ytrimaz the Demonspawn Fighter began the quest for the Orb.
     0 | D:1      | Reached XP level 1. HP: 18/18 MP: 1/1
    66 | D:1      | Gained mutation: You regenerate magic rapidly. [demonic
                  | ancestry]
    66 | D:1      | Reached XP level 2. HP: 2/24 MP: 2/2
   512 | D:1      | Found Hintir's Assorted Antiques.
   911 | D:1      | Found a faded altar of an unknown god.
  1020 | D:1      | Bought a scroll labelled GIXANYC NILI for 21 gold pieces
  1761 | D:2      | Gained mutation: You have a pair of small antennae on your
                  | head. [demonic ancestry]
  1761 | D:2      | Reached XP level 3. HP: 29/29 MP: 3/3
  1792 | D:2      | Learned a level 2 spell: Blink
  2153 | D:2      | Reached skill level 1 in Axes
  2949 | D:3      | Gained mutation: You have a pair of antennae on your head.
                  | [demonic ancestry]
  2949 | D:3      | Reached XP level 4. HP: 33/35 MP: 4/4
  3176 | D:3      | Killed from afar by an orc priest

Illustrated notes

Levels and vault maps discovered:
D:1:      tarquinn_simple_flora_water_b, layout_basic, serial_shops,
          nicolae_shop_waterfront, hellmonk_ecumenical_altar_blasted,
          minmay_door_square
D:2:      layout_basic
D:3:      layout_basic, gammafunk_ghost_smash

Skill      XL: |  1  2  3  4 |
---------------+-------------+-----
Short Blades   | 2 |  2.2
Armour         | 3 |  3.1
Shields        | 3 |  3.1
Axes           | 1 2 |  2.0
Fighting       | |  3.2
Dodging        | |  0.9

Action                   |  1- 3 |  4- 6 || total
-------------------------+-------+-------++-------
Melee: Rapier            |    58 |       ||    58
       War axe           |    72 |    29 ||   101
  Use: Scroll            |     2 |       ||     2
Armor: Scale mail        |    79 |    12 ||    91
Dodge: Dodged            |    62 |    23 ||    85
Block: Buckler           |    39 |     5 ||    44

Table legend: (Time is in decaauts)
 A = Elapsed time spent in this place.
 B = Non-inter-level travel time spent in this place.
 C = Inter-level travel time spent in this place.
 D = Time resting spent in this place.
 E = Time spent auto-exploring this place.
 F = Levels seen in this place.
 G = Mean time per level.
                   A        B        C        D        E       F      G
               +--------+--------+--------+--------+--------+-----+--------+
         Total |   3230 |   3039 |    191 |    945 |   1614 |   3 | 1076.7 |
       Dungeon |   3230 |   3039 |    191 |    945 |   1614 |   3 | 1076.7 |
               +--------+--------+--------+--------+--------+-----+--------+

Top non-repeatable levels by time:
     D:1: 1734 daAuts
     D:2: 1250 daAuts
     D:3: 245 daAuts
